 Seeded DCSS version 0.30.1-4-g462c640d31 (webtiles) character file.

Game seed: 15660985446129201502 (custom seed)

9 AccursedSamuel the Poker (level 2, 19/19 HPs)
             Began as a Tengu Monk on Sept 12, 2023.
             Quit the game on level 1 of the Dungeon.
             The game lasted 00:00:32 (141 turns).

AccursedSamuel the Poker (Tengu Monk)                Turns: 141, Time: 00:00:32

Health: 19/19      AC:  2    Str: 11    XL:     2   Next: 12%
Magic:  3/3        EV: 13    Int: 10    God:
Gold:   33         SH:  0    Dex: 16    Spells: 1/1 levels left

rFire   . . .        a - +0 spear
rCold   . . .        d - orb {light}
rNeg    . . .        b - +0 robe
rPois   .            (helmet restricted)
rElec   .            (no cloak)
rCorr   .            (no gloves)
SInv    .            (boots unavailable)
Will    .....        (no amulet)
Stlth   +            (no ring)
HPRegen 0.23/turn    (no ring)
MPRegen 0.08/turn

%: no passive effects
@: glowing
A: beak, talons 3
a: no special abilities


You were on level 1 of the Dungeon.
You visited 1 branch of the dungeon, and saw 1 of its levels.

You collected 33 gold pieces.

Inventory:

Hand Weapons
 a - a +0 spear (weapon)
Armour
 b - a +0 robe (worn)
 d - an orb of light (worn)
Scrolls
 e - a scroll of acquirement
Potions
 c - a potion of ambrosia


   Skills:
 + Level 3.2 Fighting
 + Level 3.5 Polearms
 + Level 3.5 Dodging


You had one spell level left.
You didn't know any spells.
Your spell library was empty.

Dungeon Overview and Level Annotations

Branches:
Dungeon (1/15)

Altars:


Innate Abilities, Weirdness & Mutations

You have a beak for a mouth.
You have claws for feet.


Message History

You closely miss the bat. Your kick misses the bat. You peck the bat.
The bat is moderately wounded.
The bat completely misses you.
Found 18 gold pieces.
The bat misses you. The bat hits you but does no damage. The bat hits you.
A goblin comes into view. It is wielding a +0 dagger.
The bat barely misses you. The bat hits you but does no damage.
Found a scroll labelled YBOGRIHULO.
The bat hits you but does no damage. The bat hits you.
You see here 18 gold pieces.
You hit the bat. Your kick misses the bat. You peck the bat, but do no damage.
The bat is severely wounded.
The bat closely misses you. x2
The bat hits you but does no damage. The bat hits you.
The goblin hits you with a +0 dagger. The goblin attacks as you move away!
The goblin hits you but does no damage. The bat closely misses you.
The bat barely misses you. The bat misses you.
The bat attacks as you move away! The bat hits you. The bat closely misses you.
The bat hits you but does no damage. The goblin attacks as you move away!
The goblin barely misses you. The bat barely misses you. The bat misses you.
The bat closely misses you.
You hit the bat. You claw the bat.
You kill the bat!
You hit the goblin. You claw the goblin, but do no damage.
The goblin is moderately wounded.
The goblin barely misses you.
You barely miss the goblin.
The goblin is moderately wounded.
The goblin barely misses you.
You hit the goblin. You peck the goblin.
You kill the goblin!
You see here a +0 dagger.
You now have 33 gold pieces (gained 18).
e - a scroll labelled YBOGRIHULO This is a scroll of acquirement!
Are you sure you want to abandon this character and quit the game? (Confirm with "yes".)

#.# ##......# #.#
##.......##
#.###.........# ###
#.)...........######
#<##
#.###.....)........#
##.## #.#
##.......#.....###
#..## #.#
##.....##.......#
##..## #.#
##...###.....#.#
#...## ##.# ##.##
#.@...# # ##...##
...# #.# #######
#....## .### #.#
##....# .# #..... .#
##.... .# #.# #....
.# ... ##... .# #.#
#... .# #.# ###.


There were no monsters in sight!

Vanquished Creatures
  A goblin (D:1)
  A hobgoblin (D:1)
  A kobold (D:1)
  A quokka (D:1)
  A ball python (D:1)
  A bat (D:1)
  3 rats (D:1)
9 creatures vanquished.

Notes
Turn   | Place    | Note
-------+----------+-------------------------------------------
     0 | D:1      | AccursedSamuel the Tengu Monk began the quest for the Orb.
     0 | D:1      | Reached XP level 1. HP: 14/14 MP: 2/2
    71 | D:1      | Reached XP level 2. HP: 16/19 MP: 3/3
   141 | D:1      | Identified a scroll of acquirement
   141 | D:1      | Quit the game

Illustrated notes

Levels and vault maps discovered:
D:1:      minmay_arrival_pointy, layout_loops_ring, minmay_gold_behind_fungi

Action                     || total
---------------------------++-------
  Melee: Spear             ||    17
         Peck              ||     4
         Kick              ||     2
 Armour: Robe              ||     8
  Dodge: Dodged            ||    30
